 Dungeon Crawl Stone Soup version 0.31-a0-1-g4198be8af4 (webtiles) character file.

Game seed: 8833497325101593082

4951 lunkers the Arsonist (level 11, -2/74 HPs)
             Began as a Meteoran Fire Elementalist on May 1, 2023.
             Was an Initiate of Sif Muna.
             Slain by a troll (6 damage)
             ... on level 8 of the Dungeon on May 3, 2023.
             The game lasted 00:20:21 (4216 turns).

lunkers the Arsonist (Meteoran Fire Elementalist)   Turns: 4216, Time: 00:20:21

Health: -2/74      AC: 14    Str: 10    XL:     11   Next: 8%
Magic:  3/26       EV: 10    Int: 22    God:    Sif Muna [......]
Gold:   384        SH:  0    Dex: 14    Spells: 14/30 levels left

rFire   . . .        a - staff of conjuration
rCold   . . .        (no shield)
rNeg    . . .        B - +4 ring mail {Will+}
rPois   +            (no helmet)
rElec   .            r - +1 cloak
rCorr   +            u - +1 pair of gloves
SInv    .            w - +0 pair of boots
Will    ++...        (no amulet)
Stlth   +            l - ring of resist corrosion
HPRegen 0.32/turn    n - ring of poison resistance
MPRegen 0.20/turn

%: no passive effects
@: glowing
A: sense surroundings 2, otherworldly, glowing, explore regen
a: Renounce Religion


You were on level 8 of the Dungeon.
You worshipped Sif Muna.
Sif Muna was noncommittal.
You visited 1 branch of the dungeon, and saw 9 of its levels.
You also visited: Bailey.

You collected 384 gold pieces.

Inventory:

Hand Weapons
 c - a +5 heavy quarterstaff
 q - a +3 quarterstaff of venom
 C - a +4 long sword
 D - the +0 dagger of Noshaw {venom, rC+ Will- rCorr SInv}
   (You found it in a bailey)

   rC:        It protects you from cold.
   SInv:      It lets you see invisible.
   rCorr:     It protects you from acid and corrosion.
   Will:      It decreases your willpower.
Missiles
 I - a throwing net
Armour
 d - a +1 robe of willpower
 r - a +1 cloak (worn)
 u - a +1 pair of gloves (worn)
 w - a +0 pair of boots (worn)
 y - a +3 ring mail of willpower
 B - a +4 ring mail of willpower (worn)
 E - a +2 robe of willpower
Magical Staves
 a - a staff of conjuration (weapon)
Jewellery
 l - a ring of resist corrosion (left hand)
 n - a ring of poison resistance (right hand)
Wands
 v - a wand of charming (7)
 F - a wand of polymorph (8)
Scrolls
 f - 2 scrolls of enchant armour
 g - 3 scrolls of teleportation
 i - a scroll of blinking
 p - a scroll of brand weapon
 s - 2 scrolls of fog
 G - a scroll of fear
Potions
 b - a potion of magic
 e - 3 potions of curing
 h - 3 potions of degeneration {unknown}
 j - 2 potions of heal wounds {unknown}
 k - a potion of berserk rage {unknown}
 m - 3 potions of haste
 o - 2 potions of lignification {unknown}
 t - 3 potions of attraction
 x - a potion of mutation {unknown}
 z - a potion of might {unknown}
 A - a potion of resistance {unknown}
 H - 2 potions of flight {unknown}


   Skills:
 - Level 2.4 Dodging
 - Level 1.4 Stealth
 + Level 10.3 Spellcasting
 + Level 5.5 Conjurations
 * Level 14.4 Fire Magic


You had 14 spell levels left.
You knew the following spells:

 Your Spells              Type           Power      Damage    Failure   Level
a - Foxfire               Conj/Fire      100%       2x1d9     1%          1
b - Scorch                Fire           100%       2d9       1%          2
c - Flame Wave            Conj/Fire      70%        2d16      2%          4
d - Volatile Blastmotes   Fire/Tloc      86%        2d17      2%          3
e - Starburst             Conj/Fire      35%        6d10      36%         6

Your spell library contained the following spells:

 Spells                   Type           Power      Damage    Failure   Level
 Inner Flame              Hex/Fire       43%        N/A       2%          3
 Blink                    Tloc           22%        N/A       22%         2
 Gell's Gravitas          Tloc           11%        N/A       41%         3
 Teleport Other           Tloc           11%        N/A       41%         3
 Manifold Assault         Tloc           11%        N/A       83%         4
 Dispersal                Tloc           5%         N/A       100%        6
 Storm Form               Tmut/Air       5%         N/A       100%        7
 Shatter                  Erth           5%         3d8*      100%        9


Dungeon Overview and Level Annotations

Branches:
Dungeon (9/15) Zot: 1515   Temple (0/1) D:5          Bailey (visited)
   Lair: D:8-11         Orc: D:9-12

Altars:
Elyvilon
Okawaru
Sif Muna
Zin

Shops:
D:1 (   D:5 *

Annotations:
D:3 1 transporter


Innate Abilities, Weirdness & Mutations

You passively map the area around you.
You are easily found by Zot.
You glow in the dark.
You regain HP and MP as you explore.


Message History

The yak attacks as you move away! The yak gores you.
* * * LOW HITPOINT WARNING * * *
The yak attacks as you move away! The yak gores you but does no damage.
The yak attacks as you move away! The yak gores you.
* * * LOW HITPOINT WARNING * * *
Okay, then.
Casting: Scorch (safe; 1% risk of failure)
Confirm with . or Enter, or press ? or * to list all spells.
Okay, then.
Casting: Scorch (safe; 1% risk of failure)
Confirm with . or Enter, or press ? or * to list all spells.
Okay, then.
Casting: Scorch (safe; 1% risk of failure)
Confirm with . or Enter, or press ? or * to list all spells.
Casting: Flame Wave (dangerous; 2% risk of failure)
Press: ? - help, Dir - look around, f - activate You feel a surge of power!
A wave of flame ripples out!
The flame wave engulfs the yak.
The yak is lightly wounded. (Press . to intensify the flame waves.)
* * * LOW MAGIC WARNING * * *
The yak gores you.
* * * LOW HITPOINT WARNING * * *
A wave of flame ripples out!
The flame wave engulfs the troll.
The troll is lightly wounded.
The flame wave engulfs the yak!
The yak is moderately wounded.
* * * LOW MAGIC WARNING * * *
The yak barely misses you. The troll bites you!
* * * LOW HITPOINT WARNING * * *
The troll closely misses you. The troll claws you but does no damage.
A wave of flame ripples out!
The flame wave engulfs the troll!!
The troll is severely wounded.
The flame wave engulfs the yak!
The yak is severely wounded.
* * * LOW MAGIC WARNING * * *
You finish channelling waves of flame.
The yak gores you!
* * * LOW HITPOINT WARNING * * *
The troll bites you but does no damage. The troll claws you.
You die...

..#...#########.###
..#...#...........#
..#...#......[....#
..#...#.....^.....#
..#...#..[.......)#
......#...........#
.....##...........#
..................#
.....##.........@.#
.....##........TY.#########
.(...##...................#
#######............######.#
### #####'###.##.# #.# ..#
#.....#.##.# #.# ..#
#...#....#.# #.# ..#
#...###..#.# #.# ..# #...#
#.[#.# #.#


You could see a yak and a troll.

Vanquished Creatures
  Joseph (D:7)
  A gargoyle (Bailey)
  A troll (D:9)
  Sigmund (D:4)
  A wraith (D:8)
  A vampire (Bailey)
  A human (D:8)
  A steam dragon (D:7)
  Menkaure (D:6)
  Duvessa (D:6)
  A water moccasin (D:7)
  An orc warrior (D:8)
  4 black bears
  An ice beast (D:7)
  An ogre (D:4)
  2 centaurs
  A phantom (D:5)
  2 bullfrogs
  A scorpion (D:6)
  8 wights
  Dowan (D:6)
  4 killer bees (D:8)
  2 howler monkeys
  7 vampire bats (Bailey)
  3 wolf zombies (Bailey)
  5 hounds
  A jelly (D:3)
  Crazy Yiuf (D:3)
  An orc priest (D:8)
  4 gnoll boudas
  5 iguanas
  4 orc wizards
  8 adders
  17 gnolls
  A shadow imp (D:7)
  An ufetubus (D:6)
  A worm (D:3)
  17 orcs
  3 ball pythons
  3 endoplasms
  3 giant cockroaches
  19 goblins
  5 hobgoblins
  11 jackals
  5 kobolds
  2 quokkas
  6 bats
  A frilled lizard (D:1)
  17 orc zombies (Bailey)
  4 rats
194 creatures vanquished.

Vanquished Creatures (others)
  163 foxfires
  A plant (D:9)
164 creatures vanquished.

Grand Total: 358 creatures vanquished

Notes
Turn   | Place    | Note
-------+----------+-------------------------------------------
     0 | D:1      | lunkers the Meteoran Fire Elementalist began the quest for
                  | the Orb.
     0 | D:1      | Reached XP level 1. HP: 14/14 MP: 5/5
   185 | D:1      | Found Fitujosh's Weapon Emporium.
   208 | D:1      | Reached XP level 2. HP: 20/20 MP: 3/6
   235 | D:1      | Reached skill level 4 in Fire Magic
   240 | D:1      | Learned a level 2 spell: Scorch
   371 | D:1      | Reached XP level 3. HP: 26/26 MP: 4/8
   586 | D:2      | Reached XP level 4. HP: 33/33 MP: 8/10
   692 | D:2      | Reached skill level 5 in Fire Magic
   795 | D:3      | Reached XP level 5. HP: 38/38 MP: 7/11
  1051 | D:3      | Found a runed translucent door.
  1052 | D:3      | Noticed Crazy Yiuf
  1077 | D:3      | Found a transporter.
  1105 | D:3      | Killed Crazy Yiuf
  1106 | D:3      | Reached skill level 6 in Fire Magic
  1164 | D:3      | Found a glowing silver altar of Zin.
  1176 | D:3      | Found an iron altar of Okawaru.
  1455 | D:4      | Reached XP level 6. HP: 42/45 MP: 7/13
  1485 | D:4      | Noticed an ogre
  1501 | D:4      | Killed an ogre
  1502 | D:4      | Reached skill level 7 in Fire Magic
  1545 | D:4      | Reached skill level 5 in Spellcasting
  1591 | D:4      | Noticed a black bear
  1596 | D:4      | Killed a black bear
  1597 | D:4      | Reached XP level 7. HP: 46/50 MP: 6/15
  1699 | D:4      | Reached skill level 8 in Fire Magic
  1879 | D:4      | Noticed Sigmund
  1884 | D:4      | Killed Sigmund
  1885 | D:4      | Reached XP level 8. HP: 57/57 MP: 10/18
  2076 | D:5      | Entered Level 5 of the Dungeon
  2118 | D:4      | Reached skill level 9 in Fire Magic
  2342 | D:5      | Found Gyugogg's Assorted Antiques.
  2508 | D:6      | Noticed Menkaure
  2514 | D:6      | Killed Menkaure
  2515 | D:6      | Reached skill level 10 in Fire Magic
  2567 | D:6      | Gained mutation: You passively map the area around you.
                  | [Meteoran growth]
  2567 | D:6      | Reached XP level 9. HP: 29/62 MP: 5/20
  2630 | D:6      | Noticed Duvessa
  2633 | D:6      | Noticed Dowan
  2637 | D:6      | Killed Duvessa
  2638 | D:6      | Reached skill level 11 in Fire Magic
  2642 | D:6      | Killed Dowan
  2680 | D:6      | Learned a level 4 spell: Flame Wave
  2733 | D:6      | Learned a level 3 spell: Volatile Blastmotes
  2874 | D:7      | Noticed Joseph
  2880 | D:7      | Killed Joseph
  2881 | D:7      | Reached skill level 12 in Fire Magic
  3007 | D:7      | Reached XP level 10. HP: 38/69 MP: 14/23
  3237 | D:7      | Found a flagged portal.
  3261 | Bailey   | Entered a bailey
  3298 | Bailey   | Noticed a gargoyle
  3320 | Bailey   | Killed a gargoyle
  3321 | Bailey   | Reached skill level 13 in Fire Magic
  3561 | Bailey   | Identified the +0 dagger of Noshaw {venom, rC+ Will- rCorr
                  | SInv}
  3796 | D:8      | Got Juodirpha's Precepts of Luminous Erosion
  3813 | D:8      | Learned a level 6 spell: Starburst
  3929 | D:8      | Reached skill level 10 in Spellcasting
  3957 | D:8      | Reached skill level 14 in Fire Magic
  3971 | D:8      | Reached skill level 5 in Conjurations
  4009 | D:8      | Found a shimmering blue altar of Sif Muna.
  4022 | D:8      | Became a worshipper of Sif Muna the Loreminder
  4056 | D:8      | Found a white marble altar of Elyvilon.
  4180 | D:9      | Reached XP level 11. HP: 66/74 MP: 17/26
  4216 | D:8      | Slain by a troll

Illustrated notes

Levels and vault maps discovered:
D:1:      psy_arrival_wood_between_worlds, layout_basic, serial_shops, shop,
          shop
D:2:      minmay_angry_zag, layout_loops_ring
D:3:      layout_basic, mainiacjoe_overflow_big_doors, gammafunk_ghost_smash,
          st_stairs_14, nicolae_elevator_lobby_plus, uniq_crazy_yiuf_cottage
D:4:      layout_cave_pods, minmay_ogre_servants, uniq_sigmund
D:5:      layout_rooms, temple_green, serial_shops, shop_statue
D:6:      layout_layer_cave, uniq_menkaure, uniq_duvessa
D:7:      layout_basic, enter_bailey_5, uniq_joseph
D:8:      layout_basic, lemuel_crystal_altar, mainiacjoe_overflow_catwalk
D:9:      minmay_the_grid_triangle_9x9_rhombus_thin
          [minmay_the_grid_triangle_9x9_zippers_horizontal,
          minmay_the_grid_triangle_9x9_prize_top_heavy,
          minmay_the_grid_triangle_9x9_fully_insulated_deathbox,
          minmay_the_grid_triangle_9x9_impossible_snake], layout_cave_pools,
          grunt_lair_entry_orc_guard_hut, orc_0_dummy, st_stairs_11,
          minmay_ruffians

Skill      XL: |  1  2  3  4  5  6  7  8  9 10 |
---------------+-------------------------------+-----
Fire Magic     | 4 5 6 7 8 10 12 14 | 14.4
Spellcasting   | 3 4 5 6 7 8 10 | 10.3
Conjurations   | 2 5 |  5.5
Dodging        | |  2.4
Stealth        | |  1.4

Action                     |  1- 3 |  4- 6 |  7- 9 | 10-12 || total
---------------------------+-------+-------+-------+-------++-------
  Melee: Unarmed           |     9 |     1 |       |       ||    10
         Quarterstaff      |       |       |    17 |    12 ||    29
         Staff             |       |       |       |     8 ||     8
   Cast: Foxfire           |    25 |    27 |    22 |    23 ||    97
         Scorch            |    14 |    36 |   107 |   108 ||   265
         Flame Wave        |       |       |     2 |     2 ||     4
    Use: Scroll            |       |       |    11 |       ||    11
 Armour: Robe              |     6 |     9 |    20 |     9 ||    44
         Ring mail         |       |       |       |    47 ||    47
  Dodge: Dodged            |    16 |    23 |    47 |    47 ||   133

Table legend: (Time is in decaauts)
 A = Elapsed time spent in this place.
 B = Non-inter-level travel time spent in this place.
 C = Inter-level travel time spent in this place.
 D = Time resting spent in this place.
 E = Time spent auto-exploring this place.
 F = Levels seen in this place.
 G = Mean time per level.
                   A        B        C        D        E       F      G
               +--------+--------+--------+--------+--------+-----+--------+
         Total |   4225 |   4087 |    138 |      0 |   2734 |  10 |  422.5 |
       Dungeon |   3883 |   3745 |    138 |      0 |   2676 |   9 |  431.4 |
        Bailey |    342 |    342 |      0 |      0 |     58 |   1 |  342.0 |
               +--------+--------+--------+--------+--------+-----+--------+

Top non-repeatable levels by time:
     D:4: 886 daAuts
     D:7: 587 daAuts
     D:8: 460 daAuts
     D:3: 435 daAuts
     D:6: 413 daAuts
     D:2: 404 daAuts
     D:1: 386 daAuts
  Bailey: 342 daAuts
     D:5: 285 daAuts
     D:9: 23 daAuts
